Map: Selva profunda EE

Players

bañatePcausa - Winner!

  • Race: Protoss Protoss
  • League: Silver
  • Spawn Location: 7:00

alejandro - Winner!

  • Race: Zerg Zerg
  • League: Gold
  • Spawn Location: 7:00

efrain - Winner!

  • Race: Terran Terran
  • Spawn Location: 7:00

TATORREA

  • Race: Protoss Protoss
  • League: Gold
  • Spawn Location: 3:00

tigro

  • Race: Terran Terran
  • League: Bronze
  • Spawn Location: 1:00

MrFercho

  • Race: Zerg Zerg
  • League: Silver
  • Spawn Location: 1:00

VOD

Have the link to the VOD?

Description

Time

  • Played on: July 14, 2020, 9:05 p.m.
  • Length: 10:41
Show
View Real Time Build Order
Export as new Build Order

bañatePcausa Protoss - Winner!

Build Orders:  

Get SALT Encoding   

  12  0:02  Probe  
  13  0:16  Pylon  
  13  0:18  Probe  
  14  0:30  Probe  
  15  0:36  Gateway  
  15  0:42  Probe  
  16  0:51  Assimilator  
  16  0:54  Assimilator  
  16  1:05  Probe  
  17  1:17  Zealot  
  17  1:20  Probe  
  20  1:32  Probe  
  21  2:05  Cybernetics Core  
  21  2:07  Gateway  
  21  2:08  Probe  
  22  2:23  Probe  
  23  2:35  Pylon  
  23  2:41  Warp Gate  
  23  2:53  Probe  
  24  3:11  Stalker x2  
  28  3:47  Stalker x2  
  30  4:00  Gateway  
  30  4:04  Pylon  
  30  4:22  Stalker x2  
  34  4:52  Stalker x2  
  34  5:02  Pylon  
  34  5:08  Stalker  
  34  5:37  Twilight Council  
  34  5:45  Stalker x3  
  40  5:54  Blink  
  40  6:06  Pylon  
  40  6:09  Pylon  
  40  6:15  Stalker x2  
  40  6:16  Stalker  
  46  6:39  Stalker  
  48  6:40  Stalker x2  
  52  7:03  Stalker x3  
  54  7:42  Nexus  
  54  8:08  Stalker  
  54  8:09  Stalker x2  
Show
View Real Time Build Order
Export as new Build Order

alejandro Zerg - Winner!

Build Orders: Pool First 

Get SALT Encoding   

  12  0:03  Drone  
  13  0:12  Overlord  
  13  0:20  Drone  
  14  0:36  Spawning Pool  
  14  0:39  Drone  
  14  0:41  Drone  
  15  0:46  Drone  
  16  0:53  Drone  
  17  1:03  Drone  
  18  1:12  Extractor  
  18  1:13  Drone  
  18  1:24  Queen, Drone  
  21  1:42  Drone  
  22  2:05  Overlord  
  22  2:06  Overlord  
  22  2:21  Hatchery  
  22  2:22  Zergling x2  
  22  2:23  Queen  
  22  2:24  Zergling x2  
  25  2:30  Zergling x2  
  26  2:41  Zergling x6  
  29  3:07  Metabolic Boost  
  29  3:08  Zergling x2  
  29  3:09  Zergling x4  
  31  3:29  Zergling x2  
  27  3:50  Zergling x6  
  30  3:56  Drone x4  
  34  4:07  Drone  
  34  4:09  Drone  
  33  4:43  Zergling x4  
  33  4:44  Zergling x8  
  35  4:56  Zergling x6  
  35  4:57  Zergling x2  
  39  5:03  Zergling x2  
  40  5:11  Extractor, Drone  
  40  5:27  Drone x3  
  43  5:34  Roach Warren  
  42  5:38  Lair  
  42  5:40  Zergling x4  
  42  5:42  Overlord x3  
  44  5:43  Overlord  
  44  6:09  Drone x2  
  44  6:10  Drone  
  47  6:15  Roach x8  
  63  6:21  Roach  
  65  6:29  Roach  
  67  6:38  Overlord  
  67  6:39  Roach x3  
  73  6:59  Hydralisk Den, Roach x4  
  73  7:00  Roach x2  
  84  7:08  Overlord x2  
  75  7:43  Roach  
  75  7:44  Roach x6  
  83  7:52  Roach x3  
  83  7:53  Roach x2  
  93  8:12  Roach x3  
  99  8:18  Overlord  
  99  8:19  Overlord x3  
  73  8:47  Roach x5  
  73  8:48  Roach x4  
  91  9:08  Zergling x4  
  93  9:21  Roach x2  
  93  9:22  Roach x2  
  97  9:39  Roach x2  
  98  9:48  Roach x2  
  102  9:54  Overlord  
  102  9:55  Roach  
  104  10:12  Zergling x4  
Show
View Real Time Build Order
Export as new Build Order

efrain Terran - Winner!

Build Orders:  

Get SALT Encoding   

  12  0:02  SCV  
  14  0:14  SCV  
  14  0:19  Supply Depot  
  14  0:26  SCV  
  15  0:40  SCV  
  16  0:44  Refinery  
  16  0:45  Barracks  
  16  0:52  SCV  
  17  1:04  SCV  
  17  1:08  Barracks  
  18  1:17  SCV  
  19  1:20  Refinery  
  19  2:02  Supply Depot  
  19  2:04  Barracks Reactor  
  19  2:07  SCV  
  20  2:17  Barracks Tech Lab  
  20  2:20  SCV  
  21  2:24  Supply Depot  
  21  2:32  SCV  
  21  2:36  Supply Depot  
  22  2:42  Marauder, Marine x2  
  22  2:44  SCV  
  27  2:51  Supply Depot  
  27  2:53  Stimpack  
  27  2:56  SCV  
  28  3:00  Marine x2, Factory  
  30  3:09  Marauder  
  32  3:17  Marine  
  32  3:18  Marine  
  34  3:20  Supply Depot  
  34  3:30  Marauder  
  36  3:47  Marine x2  
  38  3:51  Marine  
  39  4:05  Marine x2  
  39  4:07  Supply Depot  
  43  4:10  Marauder, Starport  
  43  4:11  Factory Tech Lab  
  39  4:31  Marauder  
  33  4:59  Marine x3  
  36  5:06  Medivac  
  38  5:16  Marine x2  
  38  5:17  Marauder  
  42  5:34  Command Center, Marine x2  
  44  5:39  Marauder  
  46  5:48  Viking  
  48  5:52  Marine  
  48  5:57  Siege Tank  
  52  6:00  Marauder  
  54  6:18  Marine x2  
  54  6:21  Marauder  
  58  6:29  Siege Tank  
  61  6:36  Marine x2  
  63  6:42  Marine  
  64  7:06  SCV  
  65  7:18  SCV  
  65  7:21  Siege Tank  
  66  7:30  SCV  
  64  7:42  SCV  
  65  7:53  Siege Tank  
  65  7:54  SCV  
  38  10:12  Supply Depot  
  38  10:14  Supply Depot  
  38  10:18  Supply Depot  
  35  10:39  Supply Depot  
Show
View Real Time Build Order
Export as new Build Order

TATORREA Protoss 

Build Orders:  

Get SALT Encoding   

  12  0:01  Probe  
  13  0:13  Probe  
  14  0:24  Pylon  
  14  0:25  Probe  
  15  0:42  Probe  
  16  0:50  Gateway  
  16  1:05  Probe  
  17  1:13  Probe  
  17  1:15  Assimilator  
  18  1:19  Pylon  
  18  1:22  Probe  
  19  1:34  Probe  
  20  1:46  Probe  
  21  1:51  Nexus  
  21  1:52  Pylon  
  21  2:01  Probe  
  22  2:07  Cybernetics Core  
  22  2:13  Probe  
  23  2:21  Assimilator  
  23  2:24  Gateway  
  23  2:25  Probe  
  24  2:36  Warp Gate  
  24  2:37  Probe  
  25  2:45  Stalker  
  25  2:49  Probe  
  28  3:01  Probe  
  28  3:05  Gateway  
  29  3:06  Probe  
  29  3:07  Gateway  
  30  3:13  Probe  
  30  3:16  Sentry  
  30  3:18  Probe  
  32  3:30  Probe x2  
  34  3:38  Probe x2  
  36  3:49  Probe x2  
  38  4:00  Probe  
  38  4:01  Probe  
  40  4:11  Assimilator  
  40  4:12  Probe  
  40  4:13  Probe  
  40  4:14  Assimilator  
  42  4:24  Probe  
  42  4:25  Probe  
  42  4:26  Nexus  
  42  4:28  Pylon  
  42  4:30  Pylon  
  42  4:31  Stalker x2  
  46  4:36  Stalker  
  48  4:40  Sentry  
  48  4:57  Probe x2  
  50  5:09  Probe x2  
  52  5:16  Robotics Facility  
  52  5:19  Robotics Facility  
  52  5:21  Probe x2  
  54  5:22  Pylon  
  54  5:30  Stalker x2, Pylon  
  54  5:31  Stalker x2  
  54  5:33  Pylon, Probe x2  
  64  5:41  Probe  
  65  5:45  Probe x2  
  67  5:51  Stargate  
  67  5:53  Probe, Stargate  
  68  5:57  Probe x2  
  68  6:01  Stalker  
  68  6:03  Zealot  
  74  6:06  Probe  
  74  6:09  Probe x2  
  77  6:12  Assimilator  
  77  6:15  Assimilator  
  77  6:20  Immortal  
  77  6:24  Immortal  
  85  6:30  Probe x3  
  85  6:31  Robotics Bay  
  88  6:42  Probe x2  
  88  6:43  Stalker x2, Probe  
  95  6:54  Probe  
  95  6:55  Probe x2  
  98  7:03  Nexus  
  98  7:06  Pylon  
  98  7:09  Pylon  
  98  7:10  Probe x3  
  101  7:22  Probe x3  
  104  7:23  Stalker  
  104  7:24  Stalker x3  
  112  7:34  Void Ray x2  
  96  7:40  Colossus  
  96  7:41  Colossus  
  88  7:54  Probe x3  
Show
View Real Time Build Order
Export as new Build Order

tigro Terran 

Build Orders:  

Get SALT Encoding   

  12  0:02  SCV  
  13  0:14  SCV  
  14  0:21  Supply Depot  
  14  0:26  SCV  
  15  0:35  Refinery  
  15  0:43  SCV  
  16  0:50  Barracks  
  16  0:55  SCV  
  17  1:07  SCV  
  18  1:15  Refinery  
  18  1:19  SCV  
  19  1:29  Supply Depot  
  19  1:31  SCV  
  20  1:42  Marine  
  20  1:44  SCV  
  22  1:56  SCV  
  22  2:00  Marine  
  24  2:10  Factory  
  24  2:13  SCV  
  25  2:18  Marine  
  25  2:22  Engineering Bay  
  26  2:36  Marine  
  27  2:42  Orbital Command  
  27  2:53  Barracks  
  27  2:54  Marine  
  27  2:55  Factory Tech Lab  
  28  3:12  Armory  
  28  3:20  Barracks Tech Lab  
  28  3:29  Siege Tank  
  30  4:21  Barracks Reactor  
  30  4:23  Combat Shield  
  27  4:43  Marine  
  24  4:48  Siege Tank  
  27  4:57  Starport  
  27  5:01  Marine  
  28  5:19  Marine  
  28  5:20  Thor  
  35  5:29  Marine x2  
  35  5:34  Starport  
  35  5:35  Terran Infantry Weapons Level 1  
  37  5:37  Marine  
  37  5:41  Stimpack  
  38  5:47  Marine x2  
  40  5:55  Marine  
  41  6:04  Marine  
  41  6:05  Marine  
  43  6:22  Marine x2  
  45  6:42  Medivac  
  47  7:13  Command Center  
  47  7:28  Thor  
  47  7:29  Terran Infantry Armor Level 1  
  43  7:32  Marine x3  
  34  7:39  Starport Tech Lab  
  34  7:42  Medivac  
  34  7:50  Marine x3  
  37  8:08  Marine x3  
  43  8:25  Marine  
  43  8:26  Marine x2  
  34  8:43  Marine  
  34  8:44  Marine x2  
  29  9:01  Marine x3  
  29  9:10  Starport Tech Lab  
  29  9:12  Refinery  
  29  9:13  SCV  
  29  9:19  Marine x3  
  27  9:25  SCV  
  22  9:37  Marine x3, SCV  
  17  9:42  Banshee  
  13  9:49  SCV  
  12  9:55  Marine x3  
  13  10:02  SCV  
  11  10:12  Marine  
  11  10:13  Marine x2  
Show
View Real Time Build Order
Export as new Build Order

MrFercho Zerg 

Build Orders: Hatch First 

Get SALT Encoding   

  12  0:01  Drone  
  13  0:13  Overlord  
  13  0:17  Drone  
  14  0:31  Drone x2  
  16  0:53  Drone  
  16  0:54  Hatchery  
  16  1:07  Drone  
  16  1:08  Drone  
  18  1:16  Extractor  
  17  1:22  Drone  
  17  1:23  Spawning Pool, Drone  
  18  1:30  Overlord  
  18  1:40  Drone  
  19  1:51  Drone  
  21  2:01  Drone  
  21  2:06  Drone  
  22  2:13  Drone  
  23  2:17  Drone  
  23  2:21  Lair  
  24  2:23  Drone  
  24  2:27  Drone  
  26  2:32  Queen  
  26  2:35  Overlord  
  28  2:38  Drone  
  30  2:44  Drone  
  30  2:48  Drone  
  31  2:55  Drone  
  32  2:59  Drone  
  32  3:02  Metabolic Boost  
  33  3:06  Drone  
  33  3:11  Queen  
  33  3:12  Drone  
  37  3:17  Drone  
  38  3:26  Drone  
  39  3:27  Drone  
  37  3:47  Drone x3  
  37  3:48  Drone x2  
  41  3:51  Queen  
  43  3:56  Drone  
  43  4:00  Overlord x2  
  44  4:13  Nydus Network  
  43  4:18  Hatchery  
  43  4:19  Overseer  
  42  4:25  Zergling x14  
  46  5:02  Zergling x2  
  46  5:03  Zergling x10  
  52  5:22  Zergling x2  
  52  5:23  Zergling x2  
  54  5:39  Baneling Nest  
  53  5:48  Drone x4  
  53  5:49  Drone x4  
  61  5:54  Overlord  
  61  6:06  Zergling x8  
  61  6:07  Overlord x4  
  65  6:12  Queen x3  
  65  6:17  Zergling x2  
  65  6:18  Zergling x2  
  73  6:29  Zergling x14  
  80  7:39  Nydus Canal  
  80  7:41  Zergling x8  
  80  7:42  Zergling x26  
  80  8:07  Baneling x10  
  80  8:08  Baneling x10  
  71  8:41  Zergling x32  
  73  8:44  Baneling x4  
  81  9:11  Zergling x12  
  56  9:34  Zergling x6  
  45  9:41  Queen  
  39  9:51  Zergling x2  
  39  9:52  Zergling x10  
  40  10:13  Zergling x4  
  40  10:23  Zergling x6  
  39  10:29  Hatchery  
Tags
 
Add a new tag
Caveats
  • Supply blocks, unpowered buildings, or Contaminate may cause inaccurate times.
  • Supply counts are checked every 10 seconds.